 Dungeon Crawl Stone Soup version 0.25-a0-424-g80bd347ae0 (webtiles) character file.

Game seed: 16095735348455781561, levelgen mode: deterministic

247 Kohma the Stinger (level 6, -2/52 HPs)
             Began as a Naga Venom Mage on Jan 23, 2020.
             Slain by a howler monkey (5 damage)
             ... on level 4 of the Dungeon.
             The game lasted 00:07:28 (2485 turns).

Kohma the Stinger (Naga Venom Mage)                 Turns: 2485, Time: 00:07:28

Health: -2/52      AC:  3    Str: 11    XL:     6   Next: 11%
Magic:  2/11       EV: 10    Int: 17    God:
Gold:   81         SH:  0    Dex: 11    Spells: 5/11 levels left

rFire    . . .     SeeInvis +   l - +0 rapier
rCold    . . .     Gourm    .   (no shield)
rNeg     . . .     Faith    .   a - +0 robe
rPois    +         Spirit   .   (no helmet)
rElec    .         Reflect  .   (no cloak)
rCorr    .         Harm     .   (no gloves)
MR       .....                  (no barding)
Stlth    ++........             (no amulet)
HPRegen  0.17/turn              (no ring)
MPRegen  0.12/turn              (no ring)

@: very slow
A: large, see invisible, deformed body, poison resistance, slowness 2, slow
metabolism 1, spit poison 1, AC +2
a: Spit Poison


You were on level 4 of the Dungeon.
You were hungry.

You visited 1 branch of the dungeon, and saw 3 of its levels.
You also visited: Ossuary.

You collected 81 gold pieces.

Inventory:

Hand Weapons
 l - a +0 rapier (weapon)
Missiles
 d - 89 stones
 f - 17 poisoned darts (quivered)
Armour
 a - a +0 robe (worn)
Jewellery
 m - a cursed ring of teleportation {unknown}
Scrolls
 b - a scroll of amnesia {unknown}
 e - a scroll of identify {unknown}
 i - 4 scrolls of remove curse {unknown}
 k - 2 scrolls of teleportation {unknown}
 n - a scroll of enchant weapon {unknown}
Potions
 g - a potion of magic {unknown}
 j - a potion of might {unknown}
 o - a potion of agility {unknown}
Comestibles
 c - 7 rations


   Skills:
 + Level 2.3 Fighting
 - Level 1.5 Dodging
 - Level 3.0 Stealth
 - Level 3.4 Spellcasting
 + Level 1.0 Conjurations
 - Level 1.0 Transmutations
 * Level 1.6 Air Magic
 - Level 6.0 Poison Magic


You had 5 spell levels left.
You knew the following spells:

 Your Spells              Type           Power        Failure   Level  Hunger
a - Sting                 Tmut/Pois      ##..         4%          1    None
b - Poisonous Vapours     Pois/Air       ###...       5%          2    ##.....
c - Mephitic Cloud        Conj/Pois/Air  ##......     16%         3    ###....

Your spell library contained the following spells:

 Spells                   Type           Power        Failure   Level  Hunger
 Olgreb's Toxic Radiance  Pois           ###.....     14%         4    ####...
 Ignite Poison            Fire/Tmut/Pois ##......     19%         3    ###....
 Confusing Touch          Hex            #.......     45%         3    ###....
 Gell's Gravitas          Tloc           #.........   45%         3    ###....
 Petrify                  Tmut/Erth      #.......     80%         4    ####...
 Yara's Violent Unravell  Hex/Tmut       #.........   98%         5    ######.
 Metabolic Englaciation   Hex/Ice        #.........   99%         5    ######.


Dungeon Overview and Level Annotations

Branches:
Dungeon (4/15)            Ossuary (visited)
 Temple: D:4-7

Altars:


Innate Abilities, Weirdness & Mutations

You cannot wear boots.
Your serpentine skin is tough. (AC +2)
You have supernaturally acute eyesight. (SInv)
Armour fits poorly on your strangely shaped body.
Your system is resistant to poisons. (rPois)
You cover ground very slowly.
You have a slow metabolism.
You can spit poison.


Message History

The hound looks even sicker.
You kill the hound!
Your Conjurations skill increases to level 1!
You have reached level 6!
Your experience leads to an increase in your attributes!
Increase (S)trength, (I)ntelligence, or (D)exterity?
You feel clever.
Your skin feels tougher.
You start resting.
Eating a chunk of flesh.
You eat the chunk of flesh.
This raw flesh tastes terrible.
You are feeling hungry.
The howler monkey barely misses you.
Casting: Poisonous Vapours (safe; 5% risk of failure)
Confirm with . or Enter, or press ? or * to list all spells.
Aiming: Sting (safe; 4% risk of failure)
Press: ? - help, Shift-Dir - straight line, f - howler monkey
Aim: a howler monkey The sting hits the howler monkey.
The howler monkey is poisoned.
The howler monkey is lightly wounded.
The howler monkey hits you.
You die...

########### ###
.......#..######@#######
...............†#h.....#
.........[##..#..)#...##
......>.....#...#...#...
..........#...#...#...#.
........#...#...#...#...
......#...#...#...#...#.
........#...#..(#...#.
...÷..#...#...#...#..


You could see a howler monkey.

Vanquished Creatures
  An ogre (D:4)
  A hound (D:4)
  Jessica (D:2)
  2 worker ants (D:4)
  A mummy (D:4)
  An adder (D:4)
  An ooze (D:1)
  2 dart slugs (D:1)
  A bat (D:1)
  2 giant cockroaches
  5 goblins
  3 hobgoblins
  5 jackals (D:1)
  2 kobolds
  A frilled lizard (D:2)
  An orc zombie (D:4)
  5 rats
35 creatures vanquished.

Notes
Turn   | Place    | Note
-------+----------+-------------------------------------------
     0 | D:1      | Kohma the Naga Venom Mage began the quest for the Orb.
     0 | D:1      | Reached XP level 1. HP: 15/15 MP: 3/3
   239 | D:1      | Reached XP level 2. HP: 5/24 MP: 0/5
   983 | D:1      | Reached XP level 3. HP: 30/30 MP: 4/6
  1044 | D:1      | Learned a level 2 spell: Poisonous Vapours
  1048 | D:1      | Learned a level 3 spell: Mephitic Cloud
  1159 | D:1      | Reached skill level 1 in Fighting
  1585 | D:2      | Noticed Jessica
  1589 | D:2      | Killed Jessica
  1589 | D:2      | Reached skill level 5 in Poison Magic
  1589 | D:2      | Reached XP level 4. HP: 38/38 MP: 0/8
  1787 | D:2      | You fall into a shaft and drop 2 floors!
  1788 | D:4      | Noticed an ogre
  1800 | D:4      | Killed an ogre
  1800 | D:4      | Reached XP level 5. HP: 45/45 MP: 0/10
  1967 | D:4      | Found a sand-covered staircase.
  2155 | Ossuary  | Entered an ossuary
  2461 | D:4      | Reached skill level 6 in Poison Magic
  2472 | D:4      | Reached skill level 1 in Air Magic
  2482 | D:4      | HP: 2/45 [hound (3)]
  2483 | D:4      | Reached skill level 1 in Conjurations
  2483 | D:4      | Reached XP level 6. HP: 2/52 MP: 3/11
  2485 | D:4      | Slain by a howler monkey

Levels and vault maps discovered:
D:1:      lemuel_arrival_funnel, layout_loops_cross
D:2:      layout_basic, uniq_jessica
D:4:      cheibrodos_barr_body, layout_cave_pods, grunt_temple_overflow_open,
          minmay_temple_entry_mini_moons, first_ration,
          nicolae_ossuary_entry_giza, serial_shops, nicolae_shop_stone,
          hex_large

Skill      XL: |  1  2  3  4  5 |
---------------+----------------+-----
Fighting       | 1 2 |  2.3
Poison Magic   | 5 6 |  6.0
Spellcasting   | 3 |  3.4
Air Magic      | 1 |  1.6
Conjurations   | 1 |  1.0
Dodging        | |  1.5
Stealth        | |  3.0
Transmutations | |  1.0

Action                   |  1- 3 |  4- 6 || total
-------------------------+-------+-------++-------
Melee: Unarmed           |    10 |       ||    10
       Short sword       |     3 |       ||     3
       Rapier            |       |    37 ||    37
Throw: Dart              |     5 |       ||     5
 Cast: Sting             |    28 |    11 ||    39
       Poisonous Vapours |    11 |     8 ||    19
 Abil: Spit Poison       |     1 |       ||     1
 Stab: Sleeping          |       |     2 ||     2
  Eat: Chunk             |     2 |     2 ||     4
Armor: Robe              |     7 |    10 ||    17
Dodge: Dodged            |    12 |    33 ||    45

Table legend:
 A = Non-vault XP
 B = Vault XP
 C = Vault XP percentage of total XP
 D = Non-vault monster count
 E = Vault monster count
 F = Vault count percentage of total count
                 A         B        C        D         E       F
            +---------+---------+-------+---------+---------+-------
      Total |     298 |      56 |  15.8 |      32 |       3 |   8.6
            +---------+---------+-------+---------+---------+-------
        D:1 |      42 |       0 |   0.0 |      19 |       0 |   0.0
        D:2 |      12 |      37 |  75.5 |       8 |       1 |  11.1
        D:4 |     244 |      19 |   7.2 |       5 |       2 |  28.6
            +---------+---------+-------+---------+---------+-------
